 Dungeon Crawl Stone Soup version 0.24.0-1-gfbc8707122 (webtiles) character file.

Game seed: 13272110650591728313, levelgen mode: deterministic

181 Gaball the Chopper (level 5, 0/46 HPs)
             Began as a Minotaur Berserker on Oct 25, 2019.
             Was a Believer of Trog.
             Slain by an orc priest (2 damage)
             ... on level 3 of the Dungeon.
             The game lasted 00:02:45 (2218 turns).

Gaball the Chopper (Minotaur Berserker)             Turns: 2218, Time: 00:02:46

Health: 0/46       AC:  5    Str: 18 (21) XL:     5   Next: 34%
Magic:  4/4        EV: 12    Int:  3 (4)  God:    Trog [**....]
Gold:   117        SH:  0    Dex:  9 (11) Spells: 4/4 levels left

rFire    . . .     SeeInvis .   a - +0 hand axe
rCold    . . .     Gourm    .   (no shield)
rNeg     . . .     Faith    .   b - +0 animal skin
rPois    .         Spirit   .   (helmet restricted)
rElec    .         Reflect  .   m - +0 cloak
rCorr    .         Harm     .   k - +1 pair of gloves
MR       .....                  (no boots)
Stlth    +.........             (no amulet)
HPRegen  0.15/turn              (no ring)
MPRegen  0.09/turn              (no ring)

@: berserk cooldown, slowed, very slow
A: retaliatory headbutt, horns 2
a: Berserk, Trog's Hand, Renounce Religion


You were on level 3 of the Dungeon.
You worshipped Trog.
Trog was pleased with you.
You were hungry.

You visited 1 branch of the dungeon, and saw 3 of its levels.

You collected 117 gold pieces.

Inventory:

Hand Weapons
 a - a +0 hand axe (weapon)
Armour
 b - a +0 animal skin (worn)
 k - a +1 pair of gloves (worn)
 m - a +0 cloak (worn)
Jewellery
 o - an uncursed amulet of magic regeneration {unknown}
Scrolls
 e - 2 scrolls of teleportation {unknown}
 f - a scroll of remove curse {unknown}
 g - 2 scrolls of fear {unknown}
 l - a scroll of identify {unknown}
Potions
 h - a potion of mutation {unknown}
 i - a potion of haste {unknown}
 j - a potion of curing {unknown}
Comestibles
 c - 7 rations


   Skills:
 + Level 4.2 Fighting
 * Level 7.0 Axes
 - Level 2.4 Armour
 - Level 2.1 Dodging


You had 4 spell levels left.
You didn't know any spells.
Your spell library was empty.

Dungeon Overview and Level Annotations

Branches:
Dungeon (3/15)

Altars:
Cheibriados
Qazlal
Ru
Zin
The Shining One


Innate Abilities, Weirdness & Mutations

You reflexively headbutt those who attack you in melee.
You have a pair of horns on your head.


Message History

You slash the quokka!
You kill the quokka!
Trog accepts your kill.
You closely miss the orc priest.
The orc priest hits you but does no damage.
The orc priest closely misses you.
You closely miss the orc priest. You headbutt the orc priest.
The orc priest is lightly wounded.
The orc priest invokes the aid of Beogh against you.
Beogh smites you!
* * * LOW HITPOINT WARNING * * *
You hit the orc priest. Your headbutt misses the orc priest.
The orc priest is heavily wounded.
The orc priest misses you. The orc priest hits you.
* * * LOW HITPOINT WARNING * * *
It was a potion of degeneration.
There was something very wrong with that liquid.
You feel weakened.
You feel dopey.
You feel clumsy. The orc priest hits you.
You die...

...# .o. ..o .r #.#+##
...<. ######..#..#. #
#...@ow...... #
#.####.#.#... #
.######.## [# #
.........## .# #
..........# .#
###############.#..#.#
.....................#
###############.##.###
#... ..


You could see an orc priest and a dart slug.

Vanquished Creatures
  A hound (D:3)
  4 gnolls (D:3)
  4 adders (D:3)
  An ooze (D:2)
  3 worms
  4 orcs (D:3)
  2 giant cockroaches
  6 goblins
  7 hobgoblins
  7 jackals
  5 kobolds
  3 quokkas
  2 ball pythons
  5 bats
  4 frilled lizards
  7 rats
65 creatures vanquished.

Notes
Turn   | Place    | Note
-------+----------+-------------------------------------------
     0 | D:1      | Gaball the Minotaur Berserker began the quest for the Orb.
     0 | D:1      | Reached XP level 1. HP: 19/19 MP: 0/0
    68 | D:1      | Reached skill level 4 in Axes
   152 | D:1      | Reached XP level 2. HP: 20/26 MP: 1/1
   610 | D:1      | Reached skill level 5 in Axes
  1115 | D:2      | Reached XP level 3. HP: 31/31 MP: 2/2
  1456 | D:2      | You fall into a shaft and drop 1 floor!
  1472 | D:3      | Reached skill level 6 in Axes
  1472 | D:3      | Reached XP level 4. HP: 36/39 MP: 3/3
  1476 | D:3      | Reached ** piety under Trog
  1936 | D:2      | Found a glowing silver altar of Zin.
  1937 | D:2      | Found a sacrificial altar of Ru.
  1941 | D:2      | Found a stormy altar of Qazlal.
  2007 | D:3      | Found a snail-covered altar of Cheibriados.
  2039 | D:3      | Reached XP level 5. HP: 43/46 MP: 4/4
  2113 | D:3      | Found a glowing golden altar of the Shining One.
  2200 | D:3      | Reached skill level 7 in Axes
  2217 | D:3      | HP: 2/46 [orc priest (4)]
  2218 | D:3      | Slain by an orc priest

Levels and vault maps discovered:
D:1:      dpeg_arrival_simpleton_c, layout_loops_ring
D:2:      layout_rooms, minitemple, first_ration
D:3:      layout_basic, tso_altar, old_standard_altar,
          ebering_dispersal_statue_hall

Skill      XL: |  1  2  3  4  5 |
---------------+----------------+-----
Axes           | 4 5 6 7 |  7.0
Fighting       | 4 |  4.2
Armour         | |  2.4
Dodging        | |  2.1

Action                   |  1- 3 |  4- 6 || total
-------------------------+-------+-------++-------
Melee: Hand axe          |    91 |    71 ||   162
       Headbutt          |    11 |    10 ||    21
Invok: Berserk           |     1 |     1 ||     2
  Use: Potion            |       |     1 ||     1
  Eat: Chunk             |     2 |     3 ||     5
Armor: Animal skin       |    15 |    20 ||    35
Dodge: Dodged            |    50 |    39 ||    89
